 Dungeon Crawl Stone Soup version 0.31.0-12-g77e489cdc1 (webtiles) character file.

Game seed: 5875780605027685415

49 Doomgape the Shield-Bearer (level 3, -1/24 HPs)
             Began as a Gargoyle Fighter on Feb 26, 2024.
             Slain by a gnoll
             ... wielding a +0 halberd
              (7 damage)
             ... on level 2 of the Dungeon.
             The game lasted 00:02:09 (1389 turns).

Doomgape the Shield-Bearer (Gargoyle Fighter)       Turns: 1389, Time: 00:02:10

Health: -1/24      AC: 10    Str: 21    XL:     3   Next: 77%
Magic:  3/3        EV:  9    Int:  8    God:
Gold:   62         SH:  4    Dex:  9    Spells: 2/2 levels left

rFire   . . .        a - +0 flail
rCold   . . .        c - +0 buckler
rNeg    + . .        b - +0 scale mail
rPois   ∞            (no helmet)
rElec   +            (no cloak)
rCorr   .            (no gloves)
SInv    .            (no boots)
Will    .....        (no amulet) Stlth
                     (no ring)
HPRegen 0.24/turn    (no ring)
MPRegen 0.08/turn

%: no passive effects
@: no status effects
A: sickness immunity, AC +3, negative energy resistance 1, electricity
resistance, torment resistance 1, petrification resistance
a: no special abilities


You were on level 2 of the Dungeon.
You visited 1 branch of the dungeon, and saw 2 of its levels.

You collected 62 gold pieces.

Inventory:

Hand Weapons
 a - a +0 flail (weapon)
Armour
 b - a +0 scale mail (worn)
 c - a +0 buckler (worn)
Scrolls
 f - a scroll of identify {unknown}
 g - 2 scrolls of teleportation {unknown}
 i - 2 scrolls of fog
Potions
 d - a potion of might
 e - a potion of heal wounds {unknown}
 h - a potion of attraction {unknown}
 j - 2 potions of enlightenment {unknown}


   Skills:
 + Level 3.7 Fighting
 + Level 2.6 Maces & Flails
 + Level 3.7 Armour
 + Level 3.8 Shields


You had 2 spell levels left.
You didn't know any spells.
Your spell library was empty.

Dungeon Overview and Level Annotations

Branches:
Dungeon (2/15)

Altars:


Innate Abilities, Weirdness & Mutations

You are immune to sickness and miasma.
Your stone body is resilient. (AC +3)
You are immune to poison.
You resist negative energy. (rN+)
You are resistant to electric shocks. (rElec)
You are resistant to unholy torment.
You are immune to petrification.


Message History

You thump the rat!
You kill the rat!
No target in view!
No target in view!
As you open the door, it creaks loudly!
No target in view!
No target in view!
There is an open door here.
A gnoll comes into view. It is wielding a +0 club.
The gnoll shouts!
A gnoll comes into view. It is wielding a +0 halberd.
The gnoll hits you but does no damage.
You closely miss the gnoll. The gnoll barely misses you.
A gnoll comes into view. It is wielding a +0 club.
You hit the gnoll.
The gnoll is moderately wounded.
The gnoll hits you with a +0 club. The gnoll hits you but does no damage.
The gnoll barely misses you.
You sock the gnoll!
The gnoll is almost dead.
The gnoll hits you but does no damage. x2
The gnoll hits you but does no damage. The gnoll attacks as it pursues you!
The gnoll hits you with a +0 club. The gnoll attacks as it pursues you!
The gnoll hits you from afar with a +0 halberd.
The gnoll attacks as it pursues you! The gnoll hits you but does no damage.
You sock the gnoll!
You kill the gnoll!
The gnoll hits you but does no damage. The gnoll barely misses you.
You see here a +0 club.
You hit the gnoll.
The gnoll is lightly wounded.
The gnoll hits you with a +0 halberd!
* * * LOW HITPOINT WARNING * * *
The gnoll barely misses you.
You barely miss the gnoll.
The gnoll is lightly wounded.
The gnoll hits you with a +0 halberd!
You die...

#.# #.#.# #.# ##+#.. #.#
##.(.## #######.#
##.....#
#.......###.......
#######.#...####........
...............'........
..####.#...####........
#@##.## ##.......
#.###g##### ##.....#
#...!g....# ##...##
#..##.###.# ##'## #.#
#.# #.# #. #.# #.# #..
##.## ### ####...##
#........


You could see 2 gnolls.

Vanquished Creatures
  A gnoll (D:2)
  A dart slug (D:1)
  3 endoplasms
  2 giant cockroaches (D:1)
  3 goblins
  3 hobgoblins (D:1)
  3 jackals (D:2)
  2 quokkas
  5 ball pythons (D:1)
  4 bats (D:1)
  2 frilled lizards (D:1)
  3 kobolds
  5 rats
37 creatures vanquished.

Notes
Turn   | Place    | Note
-------+----------+-------------------------------------------
     0 | D:1      | Doomgape the Gargoyle Fighter began the quest for the Orb.
     0 | D:1      | Reached XP level 1. HP: 14/14 MP: 1/1
    97 | D:1      | Reached XP level 2. HP: 13/19 MP: 2/2
   558 | D:1      | Reached XP level 3. HP: 23/23 MP: 3/3
  1389 | D:2      | Slain by a gnoll

Illustrated notes

Levels and vault maps discovered:
D:1:      roderic_crossed_star, layout_basic
D:2:      layout_loops_corners, kennysheep_another_room

Action                     || total
---------------------------++-------
  Melee: Flail             ||   103
    Use: Scroll            ||     1
 Armour: Scale mail        ||    77
  Dodge: Dodged            ||    52
  Block: Buckler           ||    20
